Map: Ancient Cistern LE

Players

exánime

  • Race: Terran Terran
  • League: Platinum
  • Spawn Location: 1:00

Irffh - Winner!

  • Race: Zerg Zerg
  • League: Platinum
  • Spawn Location: 7:00

VOD

Have the link to the VOD?

Description

Time

  • Played on: May 11, 2023, 2:42 p.m.
  • Length: 15:03
Show
View Real Time Build Order
Export as new Build Order

exánime Terran 

Build Orders: Reaper Expand 

Get SALT Encoding   

  12  0:01  SCV  
  13  0:14  SCV  
  13  0:18  Supply Depot  
  14  0:26  SCV  
  15  0:39  SCV  
  15  0:41  Barracks  
  16  0:45  Refinery  
  16  0:51  SCV  
  17  1:03  SCV  
  18  1:15  SCV  
  19  1:28  Orbital Command  
  19  1:30  Reaper  
  20  1:41  Command Center  
  20  1:54  SCV  
  21  1:59  Supply Depot  
  21  2:05  Barracks Reactor  
  21  2:06  Refinery  
  21  2:09  SCV  
  22  2:25  SCV  
  22  2:26  Factory  
  23  2:33  Bunker  
  23  2:44  Marine x2  
  25  3:00  Orbital Command  
  25  3:02  SCV  
  25  3:04  Marine x2  
  28  3:10  Factory Reactor  
  28  3:12  Factory Tech Lab, Supply Depot  
  28  3:15  Starport  
  28  3:32  SCV  
  29  3:44  Barracks  
  29  3:45  Widow Mine x2  
  29  3:46  Barracks  
  33  3:55  SCV  
  34  3:59  Medivac  
  36  4:16  Stimpack  
  36  4:17  Marine, Supply Depot  
  36  4:19  Widow Mine  
  36  4:20  Widow Mine  
  41  4:32  Barracks Reactor  
  41  4:34  Barracks Tech Lab  
  41  4:36  Starport Reactor  
  41  4:43  Barracks  
  41  4:48  Widow Mine  
  41  4:49  Widow Mine  
  45  4:55  Combat Shield  
  45  5:00  SCV x2  
  47  5:08  Supply Depot  
  47  5:11  Engineering Bay  
  47  5:12  SCV  
  48  5:15  Medivac  
  50  5:24  SCV  
  50  5:25  SCV  
  52  5:33  Supply Depot  
  52  5:36  SCV, Barracks Reactor  
  52  5:37  Marine x3  
  52  5:38  Marine  
  57  5:55  Marine  
  58  6:08  Medivac x2  
  62  6:12  Marine x6  
  62  6:15  SCV x2, Refinery  
  70  6:18  Supply Depot  
  70  6:19  Siege Tank  
  73  6:27  Supply Depot, Terran Infantry Weapons Level 1  
  73  6:39  Missile Turret, Refinery  
  73  6:43  Marine x3  
  73  6:44  Marine x3, Marauder  
  81  7:01  Marine  
  82  7:05  Marauder  
  84  7:19  Marine x3  
  84  7:20  Marine  
  88  7:27  Marauder  
  65  7:48  Marauder  
  62  7:57  Factory  
  62  8:09  Marauder  
  62  8:41  Concussive Shells  
  62  8:42  SCV  
  62  8:46  Siege Tank  
  66  8:51  Factory Reactor  
  66  8:52  Command Center  
  66  8:58  SCV  
  66  9:02  Supply Depot  
  67  9:04  Supply Depot  
  67  9:10  SCV  
  68  9:17  SCV  
  68  9:18  Terran Infantry Armor Level 1  
  69  9:27  Supply Depot  
  69  9:34  Siege Tank  
  69  9:35  Widow Mine x2  
  76  9:39  Marine x2, Marauder  
  76  9:40  Marine x4  
  84  9:47  SCV  
  85  10:00  Marauder  
  85  10:03  Widow Mine x2  
  91  10:10  Supply Depot  
  91  10:42  Marine x2, Marauder  
  95  10:43  Widow Mine, Siege Tank  
  95  10:44  Marine, Widow Mine  
  95  10:45  Marine x3  
  106  10:52  Orbital Command  
  106  10:53  SCV  
  106  10:54  SCV  
  108  10:59  Marine  
  108  11:03  Marauder  
  111  11:11  Supply Depot  
  111  11:23  Marine x3  
  111  11:24  Marine x3, Marauder, Bunker  
  119  11:32  Armory  
  119  11:34  Supply Depot  
  119  11:36  SCV x2, Supply Depot  
  119  11:37  SCV  
  122  11:41  Marine  
  122  11:46  Marauder  
  125  11:48  SCV  
  126  11:57  Supply Depot  
  126  12:03  Marine x4  
  126  12:07  Marauder  
  89  12:28  Marauder  
  65  12:50  Marauder  
  63  12:54  Widow Mine x2  
  63  12:55  SCV, Widow Mine  
  69  13:02  SCV  
  70  13:08  SCV  
  70  13:11  Marauder  
  72  13:20  SCV  
  72  13:32  SCV  
Show
View Real Time Build Order
Export as new Build Order

Irffh Zerg - Winner!

Build Orders: Hatch First 

Get SALT Encoding   

  12  0:00  Drone  
  13  0:12  Overlord  
  13  0:18  Drone  
  14  0:31  Drone x2  
  16  0:50  Hatchery  
  16  0:54  Drone  
  16  0:56  Drone  
  17  1:10  Extractor, Drone  
  17  1:13  Drone  
  18  1:24  Spawning Pool  
  18  1:25  Drone  
  18  1:30  Drone  
  19  1:39  Drone  
  20  1:52  Overlord  
  20  2:11  Zergling x4  
  20  2:12  Queen  
  20  2:13  Queen  
  26  2:24  Drone  
  26  2:26  Drone  
  26  2:29  Drone  
  29  2:33  Hatchery  
  28  2:40  Zergling x2  
  28  2:41  Zergling x4  
  30  2:59  Drone  
  30  3:00  Drone, Metabolic Boost  
  30  3:02  Drone x2  
  34  3:07  Drone x2  
  36  3:17  Overlord x2  
  36  3:28  Overlord  
  36  3:33  Baneling Nest  
  35  3:34  Overlord  
  35  3:40  Queen  
  37  3:43  Drone x2  
  39  3:49  Overlord  
  39  3:50  Drone x4  
  43  4:02  Queen  
  43  4:07  Overlord  
  43  4:08  Drone x4  
  49  4:12  Drone  
  50  4:21  Drone x5  
  55  4:32  Evolution Chamber  
  54  4:40  Hatchery  
  54  4:41  Drone  
  54  4:42  Drone  
  54  4:44  Drone x3, Extractor  
  57  4:58  Queen x2  
  63  5:02  Lair  
  61  5:16  Drone x3, Extractor  
  61  5:18  Drone x2  
  61  5:19  Drone x2, Extractor  
  66  5:22  Drone  
  66  5:23  Drone x2, Extractor  
  66  5:24  Zergling x12  
  66  5:27  Overlord x4  
  74  5:34  Baneling x4  
  65  6:03  Spore Crawler  
  64  6:06  Zergling x6  
  64  6:07  Zergling x10  
  72  6:17  Drone x2  
  74  6:20  Queen  
  74  6:23  Zerg Melee Weapons Level 1  
  74  6:24  Centrifugal Hooks  
  76  6:28  Drone  
  76  6:29  Drone x2  
  76  6:30  Drone  
  76  6:31  Drone  
  81  6:35  Zergling x2  
  81  6:36  Zergling x4  
  84  6:46  Drone x2  
  84  6:47  Drone  
  87  6:58  Zergling x2  
  87  6:59  Zergling x16  
  95  7:06  Drone x4  
  99  7:11  Baneling  
  99  7:12  Baneling x15  
  99  7:13  Zergling x6  
  102  7:23  Drone  
  102  7:27  Infestation Pit  
  102  7:28  Overlord x2  
  102  7:43  Zergling x2  
  79  7:44  Zergling x18  
  79  7:47  Zergling x12  
  86  8:01  Zergling x4  
  86  8:02  Zergling x14  
  95  8:09  Zergling x2  
  95  8:10  Zergling x6  
  96  8:21  Zergling x2  
  96  8:22  Zergling x16  
  102  8:30  Zergling x10  
  103  8:40  Hatchery, Zergling x8  
  106  8:53  Zergling x2  
  106  8:54  Zergling x16  
  115  9:11  Zerg Ground Armor Level 1  
  115  9:12  Hive  
  115  9:19  Evolution Chamber  
  115  9:21  Baneling  
  115  9:22  Baneling x22  
  115  9:23  Baneling x7  
  114  9:24  Zergling x2  
  114  9:25  Zergling x10  
  114  9:26  Overlord x5  
  120  9:38  Spire  
  119  9:40  Drone  
  119  9:44  Queen  
  122  9:46  Zerg Melee Weapons Level 2  
  122  10:12  Overseer  
  122  10:14  Pneumatized Carapace  
  122  10:16  Zergling x28  
  122  10:17  Zergling x36  
  154  10:24  Adrenal Glands  
  154  10:28  Zergling x2  
  154  10:29  Overlord x2, Zergling x2  
  154  10:30  Zergling x2  
  154  10:31  Zergling x2  
  158  11:04  Mutalisk x9  
  158  11:05  Mutalisk x3  
  158  11:10  Baneling  
  158  11:11  Baneling x13  
  182  11:12  Baneling  
  182  11:17  Overlord  
  182  11:18  Overlord  
  182  11:46  Drone  
  182  11:47  Drone x2  
  185  11:48  Drone  
  186  11:54  Drone x12  
  186  11:59  Baneling x3  
  186  12:00  Overlord x2  
  198  12:01  Hatchery  
  144  12:26  Zergling x16  
  144  12:27  Zergling x34  
  165  12:31  Zergling x2  
  165  12:32  Zergling x2  
  157  12:41  Drone  
  157  12:42  Drone x7  
  159  12:56  Zergling x2  
  159  12:57  Zergling x10  
  161  12:58  Baneling x2  
  161  12:59  Baneling x6  
  161  13:06  Zergling x2  
  161  13:07  Zergling x12  
  168  14:18  Baneling  
  168  14:19  Baneling x23  
  168  14:20  Baneling x21, Zergling x2  
  168  14:21  Zergling x34  
  168  14:22  Zergling x26  
Tags
 
Add a new tag
Caveats
  • Supply blocks, unpowered buildings, or Contaminate may cause inaccurate times.
  • Supply counts are checked every 10 seconds.